 Dungeon Crawl Stone Soup version 0.29-a0-1052-g6990b1bffc (webtiles) character file.

Game seed: 5795864753707909979

277 spaghetti the Trooper (level 6, -2/48 HPs)
             Began as a Mummy Chaos Knight on Aug 18, 2022.
             Was a Plaything of Xom.
             Splashed by a jelly's acid (8 damage)
             ... on level 4 of the Dungeon.
             The game lasted 00:03:33 (2175 turns).

spaghetti the Trooper (Mummy Chaos Knight)          Turns: 2175, Time: 00:03:34

Health: -2/48      AC: 10    Str: 18    XL:     6   Next: 4%
Magic:  6/6        EV:  5    Int: 11    God:    Xom [*.....]
Gold:   94         SH:  0    Dex: 11    Spells: 5/5 levels left

rFire   x . .      SeeInvis .   g - +7 lajatang of Order {silver, rMut, staff}
rCold   + . .      Faith    .   (shield currently unavailable)
rNeg    + + +      Spirit   .   k - +0 plate armour
rPois   ∞          Reflect  .   (no helmet)
rElec   .          Harm     .   (no cloak)
rCorr   .          Rampage  .   (no gloves)
rMut    +                       (no boots)
Will    .....                   (no amulet)
Stlth   ..........              (no ring)
HPRegen 0.16/turn               (no ring)
MPRegen 0.10/turn

@: weak-willed
A: cold resistance 1, negative energy resistance 3, torment resistance 2, heat
vulnerability 1, in touch with death 1, no potions
a: Renounce Religion


You were on level 4 of the Dungeon.
You worshipped Xom.
You were a special plaything of Xom.
You visited 1 branch of the dungeon, and saw 4 of its levels.

You collected 94 gold pieces.


Innate Abilities, Weirdness & Mutations

You are immune to poison.
Your flesh is cold resistant. (rC+)
You are immune to negative energy. (rN+++)
You are immune to unholy pain and torment.
You are vulnerable to heat. (rF-)
You are in touch with the powers of death.
You do not drink.


   Skills:
 * Level 4.3 Fighting
 - Level 2.7 Long Blades
 * Level 2.4 Staves
 + Level 2.0 Armour
 + Level 1.8 Dodging
 * Level 1.9 Evocations


You had 5 spell levels left.
You didn't know any spells.
Your spell library contained the following spells:

 Spells                   Type           Power      Damage    Failure   Level
 Shock                    Conj/Air       0%         1d3       100%        1
 Swiftness                Air            0%         N/A       100%        3
 Airstrike                Air            0%         2d(0-16)  100%        4

Inventory:

Hand Weapons
 a - a +0 falchion of chaos {long}
 g - the +7 lajatang of Order (weapon) {silver, rMut, staff}
   (You found it on level 2 of the Dungeon)

   It inflicts extra damage upon those it strikes, and deals substantially
   increased damage to chaotic, mutated and magically transformed beings.
   rMut:      It protects you from mutation.
Missiles
 e - 15 stones {throwing}
 f - 14 poisoned darts {throwing}
 m - 5 javelins {throwing}
Armour
 b - a +2 leather armour
 k - a +0 plate armour (worn)
   (You found it on level 3 of the Dungeon)
Wands
 i - a wand of charming (7)
   (Xom gifted it to you on level 3 of the Dungeon)
 j - a wand of polymorph (2)
   (Xom gifted it to you on level 2 of the Dungeon)
Scrolls
 d - a scroll of silence {!r}
Miscellaneous
 c - a piece from Xom's chessboard (15/15) (quivered)

Dungeon Overview and Level Annotations

Branches:
Dungeon (4/15) Zot: 21799
 Temple: D:4-7

Altars:
Fedhas
Sif Muna
Xom

#$. #..... ..#....
#..... ...+.... #.....
## #.##.☼.# #...##
...######.##☼☼°####...##
..........§☼.§§.........
..........°§°☼§.........
..........○○§°.S........
......<@J.°○.☼..........
..........☼☼.§..........
.$........§§§§☼.........
##+######.☼.§☼###...####
####### #...# .....#
.....# ...#


You could see a jelly.


Message History

Xom is amused.
The giant cockroach barely misses you. The ball python completely misses you.
The ball python constricts you. The ball python barely misses you.
The giant cockroach bites you but does no damage. x2
The ogre misses your butterfly.
You escape the ball python's grasp.
The ball python attacks as you move away!
The ball python bites you but does no damage.
The giant cockroach attacks as you move away!
The giant cockroach bites you but does no damage.
The ball python attacks as you move away!
The ball python completely misses you.
The giant cockroach waves its antennae.
The giant cockroach bites you but does no damage. 😱 HP[+1]
The giant cockroach attacks as you move away!
The giant cockroach bites you but does no damage.
The giant cockroach attacks as you move away!
The giant cockroach bites you but does no damage.
The ball python barely misses you. The ball python grabs you.
The ball python constricts you. The giant cockroach bites you.
* * * LOW HITPOINT WARNING * * *
You see here a scroll labelled FEIFFOM JAOGI. 😱 HP[-1]
You take 1 damage, and now have 5/42 hp.
h - a scroll labelled FEIFFOM JAOGI The ball python bites you but does no damage.
The ball python constricts you.
The giant cockroach bites you but does no damage.
The ball python bites you but does no damage.
Unknown command.
The air fills with toxic fumes!
As you read the scroll labelled FEIFFOM JAOGI, it crumbles to dust.
It was a scroll of poison.
The ball python barely misses you. The ball python constricts you.
* * * LOW HITPOINT WARNING * * *
Your butterfly is engulfed in poison gas.
Your butterfly is poisoned.
You kill your butterfly!
Your butterfly disappears in a puff of smoke!
Your butterfly is engulfed in poison gas.
Your butterfly is poisoned.
You kill your butterfly!
Your butterfly disappears in a puff of smoke!
Your butterfly is engulfed in poison gas.
Your butterfly is poisoned.
You kill your butterfly!
Your butterfly disappears in a puff of smoke!
The giant cockroach barely misses you.
The giant cockroach bites you but does no damage.
The ball python bites you but does no damage. 😱 HP[-1]
You take 1 damage, and now have 4/42 hp.
Unknown command.
You escape the ball python's grasp.
The giant cockroach attacks as you move away!
The giant cockroach bites you but does no damage.
The ball python attacks as you move away!
The ball python bites you but does no damage.
The ball python barely misses you.
A jelly comes into view.
The jelly quivers.
The giant cockroach bites you but does no damage.
The ogre is engulfed in poison gas.
The ogre is poisoned.
The giant cockroach attacks as you move away!
The giant cockroach bites you but does no damage.
The ball python attacks as you move away!
The ball python barely misses you. 😱 HP[+1]
The giant cockroach is engulfed in poison gas.
The giant cockroach is poisoned.
Found a stone staircase leading up.
You kill the giant cockroach!
The giant cockroach is engulfed in poison gas.
The giant cockroach is poisoned.
The ogre is engulfed in poison gas.
The ogre looks even sicker.
The giant cockroach is engulfed in poison gas.
The giant cockroach looks even sicker.
You kill the giant cockroach!
The ogre is engulfed in poison gas.
The ogre looks even sicker.
The ogre is engulfed in poison gas.
The ogre looks as sick as possible!
The ball python is engulfed in poison gas.
The ball python is poisoned.
You kill the ball python!
The ogre is engulfed in poison gas.
The ogre looks as sick as possible!
You kill the ogre!
You feel your dexterity returning.
Your Armour skill increases to level 2!
You have reached level 6! 😱 HP[+1] MP[+1]
You now have 48 max hp (+6).
Your mp is fully restored (6).
The jelly attacks as you move away! The jelly hits you but does no damage.
You feel a bit more experienced. 😱 HP[+1]
The jelly attacks as you move away! The jelly hits you.
* * * LOW HITPOINT WARNING * * *
You are splashed with acid!
You die...
Xom thinks this is hilarious!

Skill      XL: |  1  2  3  4  5 |
---------------+----------------+-----
Dodging        | 1 |  1.8
Staves         | 1 2 |  2.4
Evocations     | 1 |  1.9
Fighting       | 4 |  4.3
Armour         | 2 |  2.0
Long Blades    | |  2.7

Action                   |  1- 3 |  4- 6 || total
-------------------------+-------+-------++-------
Melee: Falchion          |    43 |       ||    43
       Lajatang          |    20 |    36 ||    56
  Use: Scroll            |       |     3 ||     3
Armor: Leather armour    |    15 |     3 ||    18
       Plate armour      |       |    46 ||    46
Dodge: Dodged            |    34 |    31 ||    65

Levels and vault maps discovered:
D:1:      roderic_octagonal_star, layout_loops_ring,
          hellmonk_ecumenical_altar_leap_of_faith
D:2:      layout_rooms
D:3:      layout_basic, mainiacjoe_overflow_surrounded_room,
          mainiacjoe_overflow_catch_the_wave, led_xom_imps,
          nicolae_eternal_life, nicolae_titane
D:4:      layout_gridville, nicolae_overflow_crystal_walls, minivault_19

Notes
Turn   | Place    | Note
-------+----------+-------------------------------------------
     0 | D:1      | spaghetti the Mummy Chaos Knight began the quest for the
                  | Orb.
     0 | D:1      | Reached XP level 1. HP: 18/18 MP: 1/1
     0 | D:1      | magus.rc [v1.9.6]
    18 | D:1      | You fall into a shaft and drop 1 floor!
    41 | D:2      | Reached skill level 1 in Dodging
    42 | D:2      | HP: 3/18 [frozen (2)]
    50 | D:2      | Reached XP level 2. HP: 4/24 MP: 2/2
   275 | D:2      | XOM: divination: magic mapping
   581 | D:2      | Found the +7 lajatang of Order {silver, rMut}
   709 | D:2      | Reached skill level 1 in Staves
   709 | D:2      | Gained mutation: You are in touch with the powers of death.
                  | [Mummy growth]
   709 | D:2      | Reached XP level 3. HP: 29/29 MP: 3/3
   801 | D:3      | Found a shimmering blue altar of Sif Muna.
   810 | D:3      | XOM: god gift: shiny wooden wand {god gift}
   940 | D:3      | Reached XP level 4. HP: 11/35 MP: 4/4
  1159 | D:2      | XOM: god gift: sharpened iron wand {god gift}
  1194 | D:2      | XOM: scenery: create altars
  1305 | D:3      | You pick up a book of Air and begin reading...
  1305 | D:3      | You add the spells Shock, Swiftness and Airstrike to your
                  | library.
  1395 | D:3      | Found a shimmering altar of Xom.
  1408 | D:3      | Reached skill level 1 in Evocations
  1411 | D:3      | Reached skill level 2 in Staves
  1411 | D:3      | Reached XP level 5. HP: 41/42 MP: 5/5
  1681 | D:3      | Found a blossoming altar of Fedhas.
  1688 | D:3      | Reached skill level 4 in Fighting
  1812 | D:3      | XOM: stat loss: -1 Dex (10/11)
  1851 | D:3      | XOM: summons 3 hostile demons
  2147 | D:4      | Noticed an ogre
  2153 | D:4      | HP: 8/42 [ogre/+0 giant club (32)]
  2153 | D:4      | XOM: butterfly on damage
  2162 | D:4      | HP: 5/42 [giant cockroach (1)]
  2172 | D:4      | Killed an ogre
  2173 | D:4      | Reached skill level 2 in Armour
  2173 | D:4      | Reached XP level 6. HP: 6/48 MP: 6/6
  2175 | D:4      | HP: 6/48 [jelly (1)]
  2175 | D:4      | Splashed by a jelly's acid

Vanquished Creatures
  An ogre (D:4)
  3 crimson imps (D:3)
  An iguana (D:3)
  An adder (D:2)
  A worm (D:3)
  2 dart slugs (D:3)
  An orc (D:2)
  4 ball pythons
  2 bats
  6 endoplasms
  3 giant cockroaches
  3 goblins
  5 hobgoblins
  7 kobolds
  2 quokkas (D:2)
  2 frilled lizards (D:2)
44 creatures vanquished.

Table legend:
 A = Non-vault XP
 B = Vault XP
 C = Vault XP percentage of total XP
 D = Non-vault monster count
 E = Vault monster count
 F = Vault count percentage of total count
                 A         B        C        D         E       F
            +---------+---------+-------+---------+---------+-------
      Total |     248 |     148 |  37.4 |      41 |       3 |   6.8
            +---------+---------+-------+---------+---------+-------
        D:2 |      52 |       0 |   0.0 |      21 |       0 |   0.0
        D:3 |      72 |     148 |  67.3 |      15 |       3 |  16.7
        D:4 |     124 |       0 |   0.0 |       5 |       0 |   0.0
            +---------+---------+-------+---------+---------+-------

Illustrated notes

Table legend:
 A = Kills in this place as a percentage of kills in entire the game.
 B = Kills by you in this place as a percentage of kills by you in the entire game.
 C = Kills by friends in this place as a percentage of kills by friends in the entire game.
 D = Other kills in this place as a percentage of other kills in the entire game.
 E = Experience gained in this place as a percentage of experience gained in the entire game.
 F = Experience gained in this place divided by the number of levels of this place that you have seen.
                   A       B       C       D       E      F
               +-------+-------+-------+-------+-------+----------------------
         Total | 100.0 | 100.0 |   N/A |   N/A | 100.0 |  99.0
       Dungeon | 100.0 | 100.0 |   N/A |   N/A | 100.0 |  99.0
               +-------+-------+-------+-------+-------+----------------------

Table legend: (Time is in decaauts)
 A = Elapsed time spent in this place.
 B = Non-inter-level travel time spent in this place.
 C = Inter-level travel time spent in this place.
 D = Time resting spent in this place.
 E = Time spent auto-exploring this place.
 F = Levels seen in this place.
 G = Mean time per level.
                   A        B        C        D        E       F      G
               +--------+--------+--------+--------+--------+-----+--------+
         Total |   2200 |   2099 |    101 |    217 |   1557 |   4 |  550.0 |
       Dungeon |   2200 |   2099 |    101 |    217 |   1557 |   4 |  550.0 |
               +--------+--------+--------+--------+--------+-----+--------+

Top non-repeatable levels by time:
     D:3: 1118 daAuts
     D:2: 1036 daAuts
     D:4: 27 daAuts
     D:1: 18 daAuts
